 Dungeon Crawl Stone Soup version 0.29-a0-451-gfbfa42419e (webtiles) character file.

Game seed: 8454187030531118417

19880 quinnr the Stormcaller (level 12, -1/73 HPs)
             Began as a Tengu Air Elementalist on May 19, 2022.
             Was an Elder of Vehumet.
             Engulfed by an ice statue's freezing vapour (23 damage)
             ... in an ice cave.
             The game lasted 00:40:17 (20831 turns).

quinnr the Stormcaller (Tengu Air Elementalist)    Turns: 20831, Time: 00:40:18

Health: -1/73      AC:  7    Str:  9    XL:     12   Next: 73%
Magic:  5/20       EV: 21    Int: 19    God:    Vehumet [****..]
Gold:   512        SH:  0    Dex: 16    Spells: 5/21 levels left

rFire   + . .      SeeInvis .   e - staff of air
rCold   . . .      Faith    .   (no shield)
rNeg    . . .      Spirit   .   O - +2 robe {Will+}
rPois   .          Reflect  .   (helmet restricted)
rElec   +          Harm     .   z - +1 cloak
rCorr   .          Rampage  .   a - +0 pair of gloves {infuse}
Will    +....                   (boots unavailable)
Stlth   ++++......              G - amulet of magic regeneration
HPRegen 0.22/turn               l - ring of protection from fire
MPRegen 0.57/turn               x - ring of wizardry

@: flying quickly and evasively, quick
A: beak, talons 3, nimble flight
a: Renounce Religion


You were in an ice cave.
You worshipped Vehumet.
Vehumet was greatly pleased with you.
You visited 3 branches of the dungeon, and saw 15 of its levels.
You also visited: Sewer, Bailey and Ice Cave.

You collected 1724 gold pieces.
You spent 1212 gold pieces at shops.

Inventory:

Hand Weapons
 y - a +0 vampiric whip
 N - the +9 longbow of Ignis's Condemnation {vorpal, rPois MP+9 Str-2}
   (You found it on level 7 of the Dungeon)

   Any ammunition fired from it inflicts extra damage upon your enemies.
   Str:       It affects your strength (-2).
   rPois:     It protects you from poison.
   MP:        It affects your magic capacity (+9).
Missiles
 H - 7 poisoned darts
 S - 5 throwing nets
Armour
 a - a +0 pair of gloves of infusion (worn)
 z - a +1 cloak (worn)
 O - a +2 robe of willpower (worn)
 P - an orb of wrath
Magical Staves
 e - a staff of air (weapon)
 Q - a staff of poison
Jewellery
 l - a ring of protection from fire (left hand)
 n - an amulet of reflection
 x - a ring of wizardry (right hand)
 G - an amulet of magic regeneration (around neck)
 K - an amulet of the acrobat
Wands
 p - a wand of paralysis (3)
 v - a wand of flame (44)
 I - a wand of iceblast (3)
Scrolls
 d - 4 scrolls of immolation
 f - a scroll of vulnerability
 j - a scroll of brand weapon
 m - 2 scrolls of amnesia {unknown}
 q - 2 scrolls of enchant weapon {unknown}
 w - 3 scrolls of noise {unknown}
 C - 4 scrolls of fear
 D - 2 scrolls of magic mapping {unknown}
 E - 2 scrolls of blinking {unknown}
 F - a scroll of torment
 J - 2 scrolls of teleportation
 L - a scroll of identify
 R - 3 scrolls of enchant armour
 T - a scroll of fog
Potions
 b - 2 potions of magic
 c - a potion of resistance
 g - 2 potions of lignification
 h - 5 potions of heal wounds
 i - 2 potions of brilliance
 k - 4 potions of haste
 o - a potion of flight
 r - 3 potions of cancellation
 s - 5 potions of curing
 t - 2 potions of might
 u - 7 potions of degeneration
 A - a potion of ambrosia
 B - a potion of attraction
Miscellaneous
 M - a phial of floods (inert)


   Skills:
 + Level 7.6 Fighting
 - Level 4.0 Armour
 + Level 10.9 Dodging
 - Level 8.0 Stealth
 - Level 5.0 Spellcasting
 - Level 1.3 Conjurations
 - Level 3.0 Summonings
 - Level 16.0 Air Magic
 + Level 3.0 Poison Magic
 - Level 5.0 Evocations


You had 5 spell levels left.
You knew the following spells:

 Your Spells              Type           Power      Damage    Failure   Level
a - Shock                 Conj/Air       100%       1d9       1%          1
b - Static Discharge      Conj/Air       54%        N/A       1%          2
c - Airstrike             Air            39%        N/A       1%          4
d - Mephitic Cloud        Conj/Pois/Air  45%        N/A       1%          3
e - Poisonous Vapours     Pois/Air       100%       N/A       1%          2
f - Summon Lightning Spi  Summ/Air       57%        N/A       1%          4

Your spell library contained the following spells:

 Spells                   Type           Power      Damage    Failure   Level
 Freezing Cloud           Conj/Ice/Air   20%        6-21      4%          5
 Freeze                   Ice            16%        1d4       1%          1
 Summon Small Mammal      Summ           64%        N/A       1%          1
 Swiftness                Air            78%        N/A       1%          3
 Sting                    Tmut/Pois      40%        1d5       2%          1
 Scorch                   Fire           8%         2d5       2%          2
 Call Canine Familiar     Summ           16%        N/A       4%          3
 Frozen Ramparts          Ice            8%         1d2       4%          3
 Inner Flame              Hex/Fire       4%         N/A       4%          3
 Olgreb's Toxic Radiance  Pois           16%        N/A       4%          4
 Summon Guardian Golem    Hex/Summ       10%        N/A       9%          3
 Flame Wave               Conj/Fire      7%         2d5       11%         4
 Hailstorm                Conj/Ice       7%         3d4       11%         4
 Sticky Flame             Conj/Fire      7%         2d3       11%         4
 Gell's Gravitas          Tloc           4%         N/A       16%         3
 Lesser Beckoning         Tloc           4%         N/A       16%         3
 Teleport Other           Tloc           4%         N/A       16%         3
 Animate Armour           Summ/Erth      20%        N/A       26%         4
 Cause Fear               Hex            2%         N/A       43%         4
 Dispel Undead            Necr           4%         3d7       43%         4
 Blade Hands              Tmut           2%         N/A       77%         5
 Iron Shot                Conj/Erth      3%         9d2       73%         6
 Summon Cactus Giant      Summ           8%         N/A       89%         6
 Ozocubu's Refrigeration  Ice            2%         4d5       99%         7
 Ignition                 Fire           2%         3d3       100%        8


Dungeon Overview and Level Annotations

Branches:
Dungeon (12/15)            Temple (1/1) D:6            Lair (0/6) D:11
    Orc (2/2) D:12          Sewer (visited)          Bailey (visited)
  IceCv (1/1)
    Elf: Orc:2

Altars:
Ashenzari
Cheibriados
Dithmenos
Elyvilon
Fedhas
Gozag
Hepliaklqana
Kikubaaqudgha
Makhleb
Nemelex Xobeh
Okawaru
Qazlal
Ru
Sif Muna
Trog
Uskayaw
Vehumet
Wu Jian
Xom
Yredelemnul
Zin
The Shining One
Beogh

Shops:
D:10 !   D:12 :?[(

Annotations:
D:2 1 runed translucent door, Crazy Yiuf
D:4 2 transporters
D:7 2 runed translucent doors
D:11 3 runed translucent doors IceCv exclusion: ice statue


Innate Abilities, Weirdness & Mutations

You have a beak for a mouth.
You have claws for feet.
Your magical nature lets you fly swiftly and evasively.


Message History

The ice beast barely misses you.
Aiming: Throw Flame
Press: ? - help, Shift-Dir - straight line, f/p - ice beast
Aim: an ice beast (heavily wounded, summoned, 74% to hit)
The puff of flame hits the ice beast!
The ice beast melts!
You kill the ice beast!
The ice beast disappears in a puff of smoke!
Unknown command.
Really fly into a travel-excluded area?
The ice statue gestures at you. The shard of ice hits you!
Aiming: Throw Flame
Press: ? - help, Shift-Dir - straight line, f - ice statue
Aim: an ice statue (severely damaged, 100% to hit)
The puff of flame hits the ice statue!
The ice statue melts!
The ice statue is almost destroyed.
The ice statue gestures at you. The bolt of cold hits you!!
Aiming: Throw Flame
Press: ? - help, Shift-Dir - straight line, f/p - ice statue
Aim: an ice statue (almost destroyed, 100% to hit)
The puff of flame hits the ice statue but does no damage.
The ice statue is almost destroyed.
Unknown command.
Aiming: Throw Flame
Press: ? - help, Shift-Dir - straight line, f/p - ice statue
Aim: an ice statue (almost destroyed, 100% to hit)
The puff of flame hits the ice statue.
The ice statue is almost destroyed.
The ice statue gestures at you. The freezing blast engulfs you!!
* * * LOW HITPOINT WARNING * * *
Okay, then.
You feel much better.
You are engulfed in freezing vapours.
Press: ? - help, v - describe, . - travel The floor.
There is a cloud of freezing vapour here.
Unknown command.
You are engulfed in freezing vapours.
You die...

... ##..## ##....#
##.....## #......8# ####
#......## ######..##
#.......### ##..##....##
##....§○○..###..........#
#.....○○@...#.......∩.∩.#
#.....○☼☼##....##.......#
#......☼####..#####....##
##.......# #### ##..##
##.#.#### #### ####


There were no monsters in sight!

Vanquished Creatures
  Josephine (D:10)
  Harold (D:10)
  4 two-headed ogres
  Pikel (D:4)
  An orc knight (Orc:2)
  A deep elf pyromancer (D:12)
  2 ugly things (D:12)
  2 manticores (D:11)
  An ice statue (IceCv)
  3 unseen horrors
  Psyche (D:12)
  5 trolls
  An ice devil (IceCv)
  2 hornets
  A slime creature (D:6)
  3 yaks (D:9)
  3 wraiths (D:10)
  2 steam dragons
  6 vampire mosquitoes
  A warg (Orc:2)
  A water moccasin (D:7)
  A sky beast (D:7)
  5 ice beasts
  11 orc warriors
  A black bear (D:6)
  3 ogres
  10 centaurs
  A lemure (D:4)
  2 phantoms
  6 bullfrogs
  A kobold brigand (D:7)
  A gnoll sergeant (D:5)
  6 scorpions
  8 wights
  16 killer bees
  11 howler monkeys
  3 jellies
  6 orc priests
  2 hounds
  Jessica (D:3)
  5 iguanas
  10 orc wizards
  A spriggan simulacrum (IceCv)
  A troll simulacrum (IceCv)
  A polar bear simulacrum (IceCv)
  10 adders
  14 gnolls
  4 river rats
  3 shadow imps
  A white imp (D:7)
  2 ufetubi (D:5)
  A worm (D:2)
  3 dart slugs
  39 orcs
  8 endoplasms
  3 giant cockroaches
  13 goblins
  12 hobgoblins
  2 quokkas
  17 ball pythons
  6 bats
  6 frilled lizards
  7 kobolds
  27 rats
  A butterfly (D:6)
335 creatures vanquished.

Vanquished Creatures (collateral kills)
  A cyclops (D:12)
  2 rime drakes (Orc:2)
  A warg (Orc:2)
  An orc warrior (Orc:1)
  3 ogres
  2 two-headed ogre simulacra (IceCv)
  An elephant simulacrum (IceCv)
  3 orc priests (Orc:2)
  2 orc wizards
  4 naga simulacra (IceCv)
  3 orcs
23 creatures vanquished.

Vanquished Creatures (others)
  6 fungi (D:5)
  6 plants (D:5)
12 creatures vanquished.

Grand Total: 370 creatures vanquished

Notes
Turn   | Place    | Note
-------+----------+-------------------------------------------
     0 | D:1      | quinnr the Tengu Air Elementalist began the quest for the
                  | Orb.
     0 | D:1      | Reached XP level 1. HP: 10/10 MP: 4/4
   177 | D:1      | Reached XP level 2. HP: 15/15 MP: 0/6
   341 | D:1      | Reached skill level 5 in Air Magic
   737 | D:1      | Reached XP level 3. HP: 19/19 MP: 2/7
  1251 | D:2      | Found a faded altar of an unknown god.
  1267 | D:2      | Reached skill level 6 in Air Magic
  1500 | D:2      | Reached XP level 4. HP: 24/24 MP: 6/8
  1890 | D:2      | Found a runed translucent door.
  1891 | D:2      | Noticed Crazy Yiuf
  2170 | D:3      | Reached skill level 7 in Air Magic
  2503 | D:3      | Noticed Jessica
  2505 | D:3      | Killed Jessica
  2506 | D:3      | Gained mutation: Your magical nature lets you fly swiftly
                  | and evasively. [Tengu growth]
  2506 | D:3      | Reached XP level 5. HP: 28/28 MP: 6/9
  2506 | D:3      | Noticed an ice beast
  2707 | D:3      | Learned a level 2 spell: Static Discharge
  2712 | D:3      | Learned a level 4 spell: Airstrike
  3089 | D:3      | Reached skill level 8 in Air Magic
  3381 | D:4      | Found a sparkling altar of Nemelex Xobeh.
  3613 | D:4      | Reached XP level 6. HP: 32/32 MP: 6/10
  3825 | D:4      | Reached skill level 9 in Air Magic
  3863 | D:4      | Found a transporter.
  3917 | D:4      | Noticed Pikel
  3970 | D:4      | Found a transporter.
  4464 | D:4      | Killed Pikel
  4465 | D:4      | Reached skill level 11 in Air Magic
  4465 | D:4      | Reached XP level 7. HP: 29/36 MP: 4/11
  4745 | D:5      | Entered Level 5 of the Dungeon
  5004 | D:5      | Reached skill level 12 in Air Magic
  5004 | D:5      | Reached XP level 8. HP: 12/41 MP: 2/12
  5404 | D:5      | Reached skill level 1 in Fighting
  6661 | D:6      | Identified 2 scrolls of acquirement
  6661 | D:6      | Acquired a staff of air
  6662 | D:6      | Acquired 724 gold pieces
  6829 | D:6      | Found a staircase to the Ecumenical Temple.
  6838 | D:6      | Found a glowing drain.
  6846 | D:6      | Reached XP level 9. HP: 42/50 MP: 8/15
  6859 | Sewer    | Entered a sewer
  7580 | Temple   | Entered the Ecumenical Temple
  7844 | Temple   | Became a worshipper of Vehumet
  8499 | D:6      | Reached skill level 5 in Dodging
  8615 | D:6      | Reached skill level 5 in Stealth
  9708 | D:7      | Reached skill level 5 in Fighting
  9708 | D:7      | Reached skill level 5 in Spellcasting
  9708 | D:7      | Reached skill level 1 in Evocations
  9840 | D:7      | Found a large runed translucent door.
  9840 | D:7      | Found a large runed translucent door.
  9856 | D:7      | Reached skill level 1 in Armour
 10046 | D:7      | Noticed a troll
 10229 | D:6      | Killed a troll
 10444 | D:7      | Found a large runed translucent door.
 10444 | D:7      | Found a large runed translucent door.
 10531 | D:7      | Reached XP level 10. HP: 59/59 MP: 13/18
 10567 | D:7      | Reached * piety under Vehumet
 10567 | D:7      | Offered knowledge of Foxfire by Vehumet.
 10688 | D:7      | Reached skill level 5 in Evocations
 11425 | D:7      | Identified the +9 longbow of Ignis's Condemnation {vorpal,
                  | rPois MP+9 Str-2}
 11565 | D:8      | Found a flagged portal.
 11586 | Bailey   | Entered a bailey
 12003 | Bailey   | Reached skill level 13 in Air Magic
 12246 | D:8      | Noticed a two-headed ogre
 12270 | D:8      | Offered knowledge of Sandblast by Vehumet.
 12302 | D:8      | Reached ** piety under Vehumet
 12309 | D:8      | Killed a two-headed ogre
 12980 | D:9      | Reached XP level 11. HP: 63/63 MP: 8/19
 13061 | D:9      | Noticed a two-headed ogre
 13065 | D:9      | Killed a two-headed ogre
 13066 | D:9      | Reached skill level 14 in Air Magic
 13103 | D:9      | Noticed a two-headed ogre
 13134 | D:9      | Killed a two-headed ogre
 13758 | D:10     | Entered Level 10 of the Dungeon
 13760 | D:10     | Noticed a two-headed ogre
 13764 | D:10     | Killed a two-headed ogre
 13765 | D:10     | Reached skill level 15 in Air Magic
 13986 | D:10     | Found Jalag's Distillery.
 14742 | D:10     | Offered knowledge of Mephitic Cloud by Vehumet.
 14863 | D:10     | Reached skill level 16 in Air Magic
 14886 | D:10     | Noticed Josephine
 14896 | D:10     | Killed Josephine
 15110 | D:10     | Noticed Harold
 15599 | D:10     | Killed Harold
 15697 | D:10     | Found Jalag's Distillery.
 16587 | D:11     | Noticed a manticore
 16590 | D:11     | Killed a manticore
 16620 | D:11     | Found a staircase to the Lair.
 16702 | D:11     | Noticed a manticore
 16708 | D:11     | Killed a manticore
 16709 | D:11     | Reached XP level 12. HP: 66/70 MP: 8/20
 16798 | D:11     | Found a runed translucent door.
 17395 | D:11     | Reached *** piety under Vehumet
 17403 | D:11     | Reached skill level 10 in Dodging
 17539 | D:11     | Found a runed translucent door.
 17541 | D:11     | Found a runed translucent door.
 17541 | D:11     | Noticed a centaur warrior
 18023 | D:12     | Found Vucua's Weapon Emporium.
 18031 | D:12     | Found Xulih's Magic Scroll Shop.
 18040 | D:12     | Bought a scroll of acquirement for 780 gold pieces
 18040 | D:12     | Acquired a Young Poisoner's Handbook
 18046 | D:12     | Learned a level 3 spell: Mephitic Cloud
 18049 | D:12     | Learned a level 2 spell: Poisonous Vapours
 18049 | D:12     | Noticed Psyche
 18055 | D:12     | Killed Psyche
 18172 | D:12     | Reached skill level 1 in Poison Magic
 18206 | D:12     | Found Zeamn's Book Emporium.
 18214 | D:12     | Bought the Almanac of the Birds and Enchantment for 432
                  | gold pieces
 18219 | D:12     | Learned a level 4 spell: Summon Lightning Spire
 18231 | D:12     | Found Behadd's Antique Armour Shop.
 18347 | D:12     | Found a staircase to the Orcish Mines.
 18464 | D:12     | Offered knowledge of Iskenderun's Mystic Blast by Vehumet.
 18468 | D:12     | Reached skill level 1 in Summonings
 18727 | Orc:1    | Entered Level 1 of the Orcish Mines
 18916 | Orc:2    | Entered Level 2 of the Orcish Mines
 18961 | Orc:2    | Reached **** piety under Vehumet
 18988 | Orc:2    | Found a frozen archway.
 19001 | IceCv    | Entered an ice cave
 19268 | IceCv    | Offered knowledge of Freezing Cloud by Vehumet.
 20831 | IceCv    | Engulfed by an ice statue's freezing vapour

Illustrated notes

Levels and vault maps discovered:
D:1:      moated_graveyard_arrival, layout_rooms
D:2:      layout_rooms, hellmonk_ecumenical_altar_heavens_door, feat_on_display,
          uniq_crazy_yiuf_cottage
D:3:      layout_basic, grunt_ministairs_2, moated_statue, uniq_jessica
D:4:      gammafunk_wand_slinger, layout_basic, nicolae_overflow_crystal_walls,
          minmay_misc_feat_x, uniq_pikel
D:5:      old_forge, layout_gridville, kennysheep_crisscross,
          minmay_misc_feat_enclosed, nrook_mini_vaults,
          kennysheep_generic_room_16
D:6:      layout_basic, minmay_temple_entry_butterflies, portal_sewer_entry_c
D:7:      layout_gridville, minmay_hollow_rounded_squares
D:8:      layout_rooms, enter_bailey_5
D:9:      layout_long_grid
D:10:     layout_stronghold, serial_shops, nicolae_shop_window_shopping,
          uniq_harold, uniq_josephine
D:11:     minmay_the_grid_triangle_9x9_recursive_3
          [minmay_the_grid_triangle_9x9_impossible_snake,
          minmay_the_grid_triangle_9x9_alien,
          minmay_the_grid_triangle_9x9_minimal,
          minmay_the_grid_triangle_9x9_prize_center,
          minmay_the_grid_triangle_9x9_tough_junction,
          minmay_the_grid_triangle_9x9_limited_checkers,
          minmay_the_grid_triangle_9x9_pentomino_pain,
          minmay_the_grid_triangle_9x9_fully_insulated_deathbox,
          minmay_the_grid_triangle_9x9_from_above], layout_stronghold
D:12:     layout_cave_pools, minmay_orc_entry_temple_small, serial_shops, shop,
          nicolae_diamond_shop, shop, nicolae_shop_stone, uniq_psyche
Temple:   regret_index_temple_sigil_plot
Orc:1:    layout_caves, serial_shops, nicolae_square_shop, uniq_gastronok,
          uniq_maurice
Orc:2:    pf_orc_diabolical, layout_caves, basic_altar, portal_ice_cave_rime
IceCv:    ice_cave_small_demon

Skill      XL: |  1  2  3  4  5  6  7  8  9 10 11 12 |
---------------+-------------------------------------+-----
Air Magic      | 5 6 7 8 11 12 13 16 | 16.0
Fighting       | 3 5 6 7 |  7.6
Dodging        | 4 5 7 9 10 | 10.9
Stealth        | 4 5 6 8 |  8.0
Spellcasting   | 3 5 |  5.0
Evocations     | 4 5 |  5.0
Armour         | 2 4 |  4.0
Poison Magic   | 3 |  3.0
Summonings     | 3 |  3.0
Conjurations   | |  1.3

Action                   |  1- 3 |  4- 6 |  7- 9 | 10-12 || total
-------------------------+-------+-------+-------+-------++-------
Melee: Unarmed           |       |     4 |       |       ||     4
       Kick              |       |     2 |       |     6 ||     8
       Peck              |       |     1 |       |     4 ||     5
       Staff             |       |       |     1 |    19 ||    20
       Punch             |       |       |       |     2 ||     2
 Cast: Shock             |    84 |    84 |   156 |   278 ||   602
       Static Discharge  |       |     3 |    18 |    72 ||    93
       Airstrike         |       |       |    51 |   179 ||   230
       Summon Lightning  |       |       |       |    25 ||    25
       Poisonous Vapours |       |       |       |     9 ||     9
       Mephitic Cloud    |       |       |       |     4 ||     4
Evoke: Phial of floods   |       |       |       |     2 ||     2
       Wand              |       |       |       |     5 ||     5
  Use: Scroll            |       |       |    13 |    11 ||    24
       Potion            |       |       |       |     3 ||     3
 Stab: Sleeping          |       |       |     1 |       ||     1
Armor: Robe              |       |     1 |     3 |    36 ||    40
Dodge: Dodged            |     6 |     7 |    40 |   175 ||   228
Block: Other             |       |     2 |    17 |       ||    19
       Reflection        |       |       |     1 |       ||     1

Table legend: (Time is in decaauts)
 A = Elapsed time spent in this place.
 B = Non-inter-level travel time spent in this place.
 C = Inter-level travel time spent in this place.
 D = Time resting spent in this place.
 E = Time spent auto-exploring this place.
 F = Levels seen in this place.
 G = Mean time per level.
                   A        B        C        D        E       F      G
               +--------+--------+--------+--------+--------+-----+--------+
         Total |  19920 |  19342 |    578 |   3670 |  12868 |  18 | 1106.7 |
       Dungeon |  16369 |  15859 |    510 |   1886 |  11779 |  12 | 1364.1 |
        Temple |    262 |    204 |     58 |      0 |    187 |   1 |  262.0 |
  Orcish Mines |    255 |    246 |      9 |      0 |    133 |   2 |  127.5 |
         Sewer |    645 |    645 |      0 |      0 |    532 |   1 |  645.0 |
        Bailey |    568 |    568 |      0 |    220 |    206 |   1 |  568.0 |
      Ice Cave |   1818 |   1818 |      0 |   1563 |     28 |   1 | 1818.0 |
               +--------+--------+--------+--------+--------+-----+--------+

Top non-repeatable levels by time:
    D:10: 2684 daAuts
     D:6: 2238 daAuts
     D:5: 1917 daAuts
   IceCv: 1818 daAuts
     D:3: 1386 daAuts
     D:7: 1349 daAuts
     D:4: 1249 daAuts
    D:11: 1177 daAuts
     D:1: 1008 daAuts
     D:2: 943 daAuts
     D:9: 847 daAuts
     D:8: 843 daAuts
    D:12: 724 daAuts
   Sewer: 645 daAuts
  Bailey: 568 daAuts
